 Dungeon Crawl Stone Soup version 0.23.0-2-g0fe3ce5905 (webtiles) character file.

Game seed: 7679198432201171556

109 MagicGaucho the Sneak (level 4, -4/36 HPs)
             Began as a Naga Wizard on Feb 19, 2019.
             Slain by a gnoll
             ... wielding a +0 halberd
              (14 damage)
             ... on level 3 of the Dungeon.
             The game lasted 00:06:35 (2930 turns).

MagicGaucho the Sneak (Naga Wizard)                 Turns: 2930, Time: 00:06:36

Health: -4/36      AC:  5    Str:  6 (9)  XL:     4   Next: 90%
Magic:  1/9        EV:  9    Int: 16 (19) God:
Gold:   88         SH:  0    Dex:  7 (10) Spells: 1/10 levels left

rFire    . . .     SeeInvis +   c - +0 dagger
rCold    . . .     Gourm    .   (no shield)
rNeg     . . .     Faith    .   a - +0 robe
rPois    +         Spirit   .   b - +0 hat
rElec    .         Reflect  .   f - +1 cloak
rCorr    .         Harm     .   u - +0 pair of gloves (curse)
MR       .....                  (no barding)
Stlth    ++........             (no amulet)
HPRegen  0.12/turn              (no ring)
MPRegen  0.11/turn              (no ring)

@: short of breath, very slow
A: large, see invisible, deformed body, poison resistance, slowness 2, slow
metabolism 1, spit poison 1, AC +1
a: Spit Poison


You were on level 3 of the Dungeon.
You were hungry.

You visited 1 branch of the dungeon, and saw 3 of its levels.

You collected 88 gold pieces.

Inventory:

Hand Weapons
 c - a +0 dagger (weapon)
Armour
 a - a +0 robe (worn)
 b - a +0 hat (worn)
 f - a +1 cloak (worn)
 u - a cursed +0 pair of gloves (worn)
Jewellery
 p - an uncursed ring of protection from fire {unknown}
Wands
 t - a wand of random effects (12)
Scrolls
 h - a scroll of identify
 i - 2 scrolls of remove curse
 l - 2 scrolls of noise
 m - a scroll of immolation
Comestibles
 d - 7 rations
 s - 2 chunks of flesh


   Skills:
 - Level 1.5 Dodging
 + Level 4.4 Stealth
 + Level 3.5 Spellcasting
 * Level 3.1 Conjurations
   Level 1.0 Summonings
 - Level 1.0 Translocations
 + Level 1.2 Poison Magic


You had one spell level left.
You knew the following spells:

 Your Spells              Type           Power        Failure   Level  Hunger
a - Magic Dart            Conj           ##..         4%          1    None
b - Blink                 Tloc           N/A          19%         2    ##.....
c - Conjure Flame         Conj/Fire      #.......     28%         3    ###....
d - Mephitic Cloud        Conj/Pois/Air  #.......     28%         3    ###....

Your spell library contained the following spells:

 Spells                   Type           Power        Failure   Level  Hunger
 Call Imp                 Summ           #.......     19%         2    ##.....
 Slow                     Hex            #.......     26%         2    ##.....


Dungeon Overview and Level Annotations

Branches:
Dungeon (3/15)

Altars:
Xom


Innate Abilities, Weirdness & Mutations

You cannot wear boots.
Your serpentine skin is tough. (AC +1)
You have supernaturally acute eyesight. (SInv)
Armour fits poorly on your strangely shaped body.
Your system is resistant to poisons. (rPois)
You cover ground very slowly.
You have a slow metabolism.
You can spit poison.


Message History

You feel magically purged.
Your magical contamination has completely faded away.
You feel less wooden.
Your +0 cloak unmelds from your body.
Your +0 hat unmelds from your body.
Your cursed +0 pair of gloves unmelds from your body.
Your +0 robe unmelds from your body.
You feel a little less mighty now.
You feel a little less agile now.
The gnoll barely misses you. x2; The rat closely misses you.
As you read the scroll labeled EGOUBI XENEOCI, it crumbles to dust.
It is a scroll of identify.
i - 2 scrolls of remove curse The gnoll hits you but does no damage.
The gnoll barely misses you. x2
The rat bites you but does no damage.
As you read the scroll labeled ROYLAB GAGH, it crumbles to dust.
It is a scroll of enchant armour.
Your +0 cloak glows green for a moment.
The gnoll closely misses you.
The gnoll hits you from afar with a +0 spear!
* * * LOW HITPOINT WARNING * * *
The gnoll hits you from afar with a +0 halberd!
You die...

..........#####.........
..
.......)......))........
..
.รท.###....#####........
#.
...##.>...............
..
...##.........###...##
...##...#.....###...#
...##...####+#......#
...#..... ###....# ##
...#..... #@r..# ..
..##... #g...# .. ..# ..
gg...# (. ..#...
........ .. ..#...
.#......... .. ..... .
..#....#.... #...)..# ..
#......... .####..####..
#......... .#...........


You could see 3 gnolls and a rat (inner flame).

Vanquished Creatures
  Robin (D:2)
  A gnoll (D:3)
  3 adders
  A leopard gecko (D:2)
  4 orcs (D:3)
  2 ball pythons
  A giant cockroach (D:2)
  11 goblins
  8 hobgoblins
  3 jackals (D:1)
  A quokka (D:3)
  7 bats
  3 frilled lizards (D:1)
  5 kobolds
  3 rats
54 creatures vanquished.

Notes
Turn   | Place    | Note
-------+----------+-------------------------------------------
     0 | D:1      | MagicGaucho the Naga Wizard began the quest for the Orb.
     0 | D:1      | Reached XP level 1. HP: 15/15 MP: 4/4
   218 | D:1      | Reached XP level 2. HP: 13/22 MP: 0/6
   346 | D:1      | Learned a level 2 spell: Blink
   964 | D:1      | Reached XP level 3. HP: 28/28 MP: 5/7
  1705 | D:2      | Reached skill level 4 in Stealth
  1737 | D:2      | Learned a level 3 spell: Mephitic Cloud
  1892 | D:2      | Reached XP level 4. HP: 36/36 MP: 7/9
  1917 | D:2      | Noticed Robin
  1933 | D:2      | Killed Robin
  2579 | D:3      | Found a shimmering altar of Xom.
  2609 | D:3      | Reached skill level 1 in Poison Magic
  2614 | D:3      | Learned a level 3 spell: Conjure Flame
  2920 | D:3      | HP: 1/36 [gnoll/+0 halberd (13)]
  2930 | D:3      | Slain by a gnoll

Skill      XL: |  1  2  3  4 |
---------------+-------------+-----
Conjurations   | 2 3 |  3.1
Stealth        | 4 |  4.4
Poison Magic   | 1 |  1.2
Dodging        | |  1.5
Spellcasting   | |  3.5
Summonings     | |  1.0
Translocations | |  1.0

Action                   |  1- 3 |  4- 6 || total
-------------------------+-------+-------++-------
Melee: Dagger            |    10 |    15 ||    25
 Cast: Magic Dart        |    59 |    34 ||    93
       Mephitic Cloud    |       |     3 ||     3
       Blink             |       |     1 ||     1
 Abil: Spit Poison       |    12 |     7 ||    19
  Use: Potion            |       |     7 ||     7
       Scroll            |       |     4 ||     4
 Stab: Sleeping          |     1 |       ||     1
  Eat: Chunk             |     2 |     3 ||     5
Armor: Robe              |     8 |     4 ||    12
       Skin              |       |    15 ||    15
Dodge: Dodged            |    13 |    25 ||    38
